 Dungeon Crawl Stone Soup version 0.30-a0-777-ga9a30cbeda (webtiles) character file.

Game seed: 7213747206582183227

2907 mopl the Covert (level 9, -1/44 HPs)
             Began as a Vine Stalker Brigand on Feb 14, 2023.
             Was an Initiate of Nemelex Xobeh.
             Slain by a gnoll sergeant
             ... wielding a +4 trident of protection
              (12 damage)
             ... on level 8 of the Dungeon.
             The game lasted 00:09:38 (5060 turns).

mopl the Covert (Vine Stalker Brigand)              Turns: 5060, Time: 00:09:39

Health: -1/44      AC:  6    Str: 15    XL:     9   Next: 78%
Magic:  0/11       EV: 11    Int: 11    God:    Nemelex Xobeh [......]
Gold:   295        SH:  0    Dex: 19    Spells: 4/8 levels left

rFire   . . .      SeeInvis .    a - +10 dagger "Zyeruoll" {vamp, +Blink}
rCold   . . .      Faith    .    (no shield)
rNeg    . . .      Spirit   +    b - +0 robe
rPois   +          Reflect  .    (no helmet)
rElec   .          Harm     .    c - +0 cloak
rCorr   .          Rampage  .    q - +0 pair of gloves
Will    +....                    x - +1 pair of boots
Stlth   +++++                    t - amulet of regeneration
HPRegen 1.87/turn                z - ring of poison resistance
MPRegen 0.12/turn                (no ring)

@: no status effects
A: fangs 3, regeneration 1, magic shield, antimagic bite, no potion heal 2
a: Renounce Religion, Evoke Blink, Draw Escape, Draw Destruction, Draw Summoning


You were on level 8 of the Dungeon.
You worshipped Nemelex Xobeh.
Nemelex Xobeh was noncommittal.
You visited 2 branches of the dungeon, and saw 9 of its levels.

You collected 421 gold pieces.
You spent 126 gold pieces at shops.

Inventory:

Hand Weapons
 a - the +10 dagger "Zyeruoll" (weapon) {vamp, +Blink}
   (You bought it in a shop on level 2 of the Dungeon)

   +Blink:    It lets you blink.
 y - a +2 dagger
 N - a +0 long sword of flaming
Missiles
 d - 20 poisoned darts (quivered)
 e - 3 curare-tipped darts
 h - 2 boomerangs
 P - a throwing net
Armour
 b - a +0 robe (worn)
 c - a +0 cloak (worn)
 q - a +0 pair of gloves (worn)
 x - a +1 pair of boots (worn)
 A - a scarf of harm
 F - a +2 leather armour of cold resistance
 M - +0 swamp dragon scales
Jewellery
 t - an amulet of regeneration (around neck)
 z - a ring of poison resistance (left hand)
Wands
 J - a wand of iceblast (8)
 Q - a wand of flame (21)
Scrolls
 i - 3 scrolls of identify {unknown}
 j - 4 scrolls of teleportation {unknown}
 k - a scroll of amnesia {unknown}
 m - 2 scrolls of blinking {unknown}
 o - 2 scrolls of noise {unknown}
 r - 2 scrolls of immolation
 u - 5 scrolls of fear {unknown}
 v - a scroll of acquirement {unknown}
 B - 3 scrolls of enchant weapon {unknown}
 D - a scroll of fog {unknown}
 E - a scroll of poison {unknown}
 G - a scroll of torment {unknown}
 K - 2 scrolls of magic mapping {unknown}
 L - a scroll of enchant armour {unknown}
Potions
 f - a potion of cancellation {unknown}
 g - 3 potions of curing {unknown}
 l - a potion of mutation {unknown}
 n - 2 potions of haste {unknown}
 p - a potion of magic {unknown}
 s - 2 potions of attraction {unknown}
 w - 3 potions of heal wounds
 C - a potion of invisibility {unknown}
 H - 2 potions of brilliance {unknown}
 I - a potion of resistance {unknown}
 O - a potion of might {unknown}
 R - a potion of degeneration {unknown}


   Skills:
 + Level 3.4 Fighting
 + Level 6.0 Short Blades
 + Level 6.0 Throwing
 - Level 0.7 Dodging
 + Level 9.8 Stealth
 + Level 0.2 Spellcasting
 + Level 0.2 Transmutations
 + Level 0.2 Earth Magic
 + Level 2.2 Invocations
 + Level 5.0 Evocations


You had 4 spell levels left.
You knew the following spells:

 Your Spells              Type           Power      Damage    Failure   Level
e - Blink                 Tloc           0%         N/A       47%         2
p - Passwall              Tmut/Erth      0%         N/A       43%         2

Your spell library contained the following spells:

 Spells                   Type           Power      Damage    Failure   Level
 Sandblast                Erth           0%         2d4       32%         1
 Cigotuvi's Dreadful Rot  Necr/Pois/Air  0%         N/A       47%         2
 Stone Arrow              Conj/Erth      0%         3d7       69%         3
 Portal Projectile        Hex/Tloc       0%         N/A       71%         3
 Tukima's Dance           Hex            0%         N/A       71%         3
 Dispel Undead            Necr           0%         3d6       98%         4
 Manifold Assault         Tloc           0%         N/A       98%         4
 Blade Hands              Tmut           0%         N/A       100%        5
 Death Channel            Necr           0%         N/A       100%        6
 Storm Form               Tmut/Air       0%         N/A       100%        7


Dungeon Overview and Level Annotations

Branches:
Dungeon (8/15)             Temple (1/1) D:6
   Lair: D:8-11

Altars:
Ashenzari
Cheibriados
Dithmenos
Elyvilon
Gozag
Hepliaklqana
Kikubaaqudgha
Nemelex Xobeh
Okawaru
Qazlal
Ru
Sif Muna
Uskayaw
Vehumet
Wu Jian
Xom
Yredelemnul
Zin
The Shining One

Shops:
D:2 (

Annotations:
D:5 1 runed translucent door, funkygono's ghost, novice GrFE


Innate Abilities, Weirdness & Mutations

You have razor-sharp teeth.
Your natural rate of healing is unusually fast.
When hurt, damage is shared between your health and your magic reserves.
Your bite disrupts and absorbs the magic of your enemies.
Potions cannot restore your health.


Message History

The gnoll sergeant closely misses you.
You barely miss the gnoll sergeant.
You bite the gnoll sergeant, but do no damage.
The gnoll sergeant is lightly wounded.
The gnoll closely misses you.
The gnoll sergeant hits you with a +4 trident of protection!
You hit the gnoll sergeant.
You feel better.
The gnoll sergeant is moderately wounded.
You closely miss the gnoll sergeant.
The gnoll sergeant is moderately wounded.
The gnoll hits you but does no damage.
The gnoll sergeant hits you with a +4 trident of protection.
You hit the gnoll sergeant. Your bite misses the gnoll sergeant.
The gnoll sergeant is heavily wounded.
The gnoll closely misses you.
The gnoll sergeant hits you with a +4 trident of protection!
You are too injured to fight recklessly!
You are too injured to fight recklessly!
You are too injured to fight recklessly!
You barely miss the gnoll sergeant.
The gnoll sergeant is heavily wounded.
The gnoll barely misses you.
The gnoll sergeant hits you with a +4 trident of protection!
You hit the gnoll sergeant but do no damage.
The gnoll sergeant is heavily wounded.
You hit the gnoll sergeant but do no damage.
The gnoll sergeant is heavily wounded.
The gnoll hits you from afar with a +0 spear.
The gnoll sergeant barely misses you.
You hit the gnoll sergeant but do no damage.
Your bite misses the gnoll sergeant.
The gnoll sergeant is heavily wounded.
The gnoll hits you but does no damage.
The gnoll sergeant hits you with a +4 trident of protection!
* * * LOW HITPOINT WARNING * * *
The gnoll sergeant attacks as you move away!
The gnoll sergeant barely misses you.
The gnoll sergeant hits you from afar with a +4 trident of protection!
You die...
Your body disappears without a glow.

#########
#.......#
#.#####.#
#.# #.#
#.# #@#
#.# #)#
#.# #g#
#<# #g#
########.#
#...g....#
#.#......#
#.#.####.#
#g#.# ..#


You could see a gnoll sergeant and a gnoll.

Vanquished Creatures
  Maggie (D:7)
  Grinder (D:3)
  Prince Ribbit (D:5)
  Eustachio (D:4)
  A steam dragon (D:7)
  2 water moccasins
  Duvessa (D:6)
  An orc warrior (D:7)
  A sky beast (D:6)
  2 black bears
  A centaur (D:5)
  Blork the orc (D:5)
  A bullfrog (D:8)
  A necrophage (D:6)
  4 scorpions
  Dowan (D:6)
  3 howler monkeys (D:7)
  5 hounds
  2 orc priests
  Terence (D:2)
  2 iguanas
  An orc wizard (D:6)
  10 adders
  15 gnolls
  A shadow imp (D:6)
  A white imp (D:7)
  A worm (D:3)
  6 dart slugs
  12 orcs
  7 ball pythons
  6 endoplasms
  4 giant cockroaches
  3 goblins
  6 hobgoblins
  A quokka (D:4)
  2 bats (D:1)
  3 frilled lizards
  6 kobolds
  7 rats
126 creatures vanquished.

Vanquished Creatures (others)
  A bush (D:5)
1 creature vanquished.

Grand Total: 127 creatures vanquished

Notes
Turn   | Place    | Note
-------+----------+-------------------------------------------
     0 | D:1      | mopl the Vine Stalker Brigand began the quest for the Orb.
     0 | D:1      | Reached XP level 1. HP: 11/11 MP: 2/2
    61 | D:1      | Reached skill level 2 in Short Blades
    61 | D:1      | Reached skill level 5 in Stealth
    66 | D:1      | Reached skill level 2 in Throwing
   126 | D:1      | You fall into a shaft and drop 1 floor!
   145 | D:2      | Reached XP level 2. HP: 15/15 MP: 3/3
   477 | D:1      | Reached XP level 3. HP: 18/18 MP: 4/4
   763 | D:2      | Gained mutation: Your natural rate of healing is unusually
                  | fast. [Vine Stalker growth]
   763 | D:2      | Reached XP level 4. HP: 23/23 MP: 5/5
  1000 | D:2      | Found Ziox's Antique Weapon Emporium.
  1175 | D:2      | Reached skill level 6 in Stealth
  1190 | D:2      | Reached skill level 3 in Short Blades
  1190 | D:2      | Reached XP level 5. HP: 26/26 MP: 6/6
  1209 | D:2      | Reached skill level 3 in Throwing
  1256 | D:2      | Bought a steaming dagger for 126 gold pieces
  1256 | D:2      | Identified the +10 dagger "Zyeruoll" {vamp, +Blink} (You
                  | bought it in a shop on level 2 of the Dungeon)
  1265 | D:3      | Noticed Terence
  1328 | D:2      | Killed Terence
  1341 | D:3      | Noticed Grinder
  1358 | D:3      | Killed Grinder
  1359 | D:3      | Reached skill level 1 in Evocations
  1359 | D:3      | Reached XP level 6. HP: 25/30 MP: 4/7
  1837 | D:4      | Reached skill level 7 in Stealth
  1837 | D:4      | Reached XP level 7. HP: 34/34 MP: 8/8
  1841 | D:4      | Reached skill level 2 in Evocations
  2298 | D:4      | Noticed Eustachio
  2315 | D:4      | Killed Eustachio
  2316 | D:4      | Reached skill level 4 in Short Blades
  2316 | D:4      | Reached skill level 4 in Throwing
  2556 | D:5      | Entered Level 5 of the Dungeon
  2597 | D:5      | Noticed Blork the orc
  2604 | D:5      | Killed Blork the orc
  2605 | D:5      | Reached skill level 3 in Evocations
  2605 | D:5      | Gained mutation: You have razor-sharp teeth. [Vine Stalker
                  | growth]
  2605 | D:5      | Reached XP level 8. HP: 25/38 MP: 7/9
  2665 | D:5      | Reached skill level 8 in Stealth
  2789 | D:5      | Noticed Prince Ribbit
  2796 | D:5      | Killed Prince Ribbit
  2847 | D:5      | Reached skill level 5 in Short Blades
  2847 | D:5      | Reached skill level 5 in Throwing
  2972 | D:5      | HP: 1/38 [centaur/arrow (4)]
  3232 | D:5      | Found a runed translucent door.
  3234 | D:5      | Noticed funkygono's ghost (novice GrFE)
  3423 | D:6      | Noticed Dowan
  3441 | D:6      | Noticed Duvessa
  3456 | D:6      | Killed Duvessa
  3457 | D:6      | Reached skill level 2 in Fighting
  3457 | D:6      | Reached skill level 4 in Evocations
  3459 | D:6      | Killed Dowan
  3474 | D:6      | Found a hazy altar of Hepliaklqana.
  3547 | D:6      | Found a broken altar of Ashenzari.
  3564 | D:6      | Reached skill level 9 in Stealth
  3564 | D:6      | Reached XP level 9. HP: 43/43 MP: 10/10
  3631 | D:6      | Learned a level 2 spell: Blink
  3795 | D:6      | Found a staircase to the Ecumenical Temple.
  3808 | Temple   | Entered the Ecumenical Temple
  3871 | Temple   | Became a worshipper of Nemelex Xobeh the Trickster
  3922 | D:6      | Found a glowing golden altar of the Shining One.
  4180 | D:7      | Noticed Maggie
  4184 | D:7      | Killed Maggie
  4185 | D:7      | Reached skill level 3 in Fighting
  4185 | D:7      | Reached skill level 1 in Invocations
  4291 | D:7      | Reached skill level 2 in Invocations
  4430 | D:7      | Reached skill level 6 in Short Blades
  4430 | D:7      | Reached skill level 6 in Throwing
  4440 | D:7      | Learned a level 2 spell: Passwall
  4542 | D:7      | Reached skill level 5 in Evocations
  5060 | D:8      | Slain by a gnoll sergeant

Illustrated notes

Levels and vault maps discovered:
D:1:      dpeg_arrival_shrine, layout_rooms, interstate_on_off,
          patterned_corridor
D:2:      layout_rooms, serial_shops, nicolae_shop_behind_doors
D:3:      layout_rooms, uniq_grinder, uniq_terence
D:4:      layout_loops_corners, minmay_misc_feat_room, minmay_diced_spiral,
          uniq_eustachio
D:5:      layout_loops_ring, ebering_ghost_inner_flame,
          chequers_serial_rivers_micro_d, kb_lookout_dungeons_type,
          minmay_misc_feat_nine_boxes, uniq_prince_ribbit1, uniq_blork_the_orc
D:6:      layout_basic, mainiacjoe_overflow_catwalk,
          nicolae_tso_carved_into_rock, mainiacjoe_overflow_brackets,
          minmay_temple_entry_poolview, uniq_duvessa
D:7:      layout_basic, hangedman_glass_teeth, item_on_display_a, uniq_maggie
D:8:      layout_basic, bloody_trog, amcnicky_altar_gilded,
          minmay_misc_feat_doors
Temple:   nicolae_temple_x_marks_the_god

Skill      XL: |  1  2  3  4  5  6  7  8  9 |
---------------+----------------------------+-----
Short Blades   | 2 3 4 5 6 |  6.0
Stealth        | 5 6 7 9 |  9.8
Throwing       | 2 3 4 5 6 |  6.0
Evocations     | 1 3 4 5 |  5.0
Fighting       | 2 3 |  3.4
Invocations    | 2 |  2.2
Dodging        | |  0.7
Spellcasting   | |  0.2
Transmutations | |  0.2
Earth Magic    | |  0.2

Action                     |  1- 3 |  4- 6 |  7- 9 || total
---------------------------+-------+-------+-------++-------
  Melee: Dagger            |    51 |   114 |   183 ||   348
         Bite              |    10 |    34 |    56 ||   100
         Punch             |       |     2 |     3 ||     5
  Throw: Dart              |     6 |     4 |     9 ||    19
   Cast: Passwall          |       |       |     2 ||     2
   Stab: Sleeping          |     8 |     8 |    16 ||    32
         Distracted        |     1 |       |       ||     1
 Armour: Robe              |     5 |    27 |    36 ||    68
  Dodge: Dodged            |    21 |    63 |    83 ||   167

Table legend: (Time is in decaauts)
 A = Elapsed time spent in this place.
 B = Non-inter-level travel time spent in this place.
 C = Inter-level travel time spent in this place.
 D = Time resting spent in this place.
 E = Time spent auto-exploring this place.
 F = Levels seen in this place.
 G = Mean time per level.
                   A        B        C        D        E       F      G
               +--------+--------+--------+--------+--------+-----+--------+
         Total |   4987 |   4736 |    251 |     65 |   3517 |   9 |  554.1 |
       Dungeon |   4917 |   4684 |    233 |     65 |   3471 |   8 |  614.6 |
        Temple |     69 |     51 |     18 |      0 |     46 |   1 |   69.0 |
               +--------+--------+--------+--------+--------+-----+--------+

Top non-repeatable levels by time:
     D:5: 850 daAuts
     D:4: 833 daAuts
     D:7: 831 daAuts
     D:1: 658 daAuts
     D:6: 623 daAuts
     D:2: 526 daAuts
     D:3: 509 daAuts
     D:8: 84 daAuts
  Temple: 69 daAuts
